 Dungeon Crawl Stone Soup version 0.18-a0-128-g78ce890 (webtiles) character file.

208 Proton the Shield-Bearer (level 6, -9/48 HPs)
             Began as a Formicid Fighter on Nov 22, 2015.
             Killed by divine providence
             ... invoked by an orc priest
              (14 damage)
             ... on level 4 of the Dungeon.
             The game lasted 00:04:36 (2565 turns).

Proton the Shield-Bearer (Formicid Fighter)         Turns: 2565, Time: 00:04:37

Health: -9/48      AC:  8    Str: 22    XL:     6   Next: 11%
Magic:  6/6        EV:  9    Int:  8    God:
Gold:   150        SH: 10    Dex: 14    Spells: 0 memorised, 5 levels left

rFire  + . .     SeeInvis +     a - +0 war axe
rCold  . . .     Clarity  .     b - +0 scale mail
rNeg   . . .     SustAt   .     c - +0 shield
rPois  .         Gourm    .     (helmet unavailable)
rElec  .         Spirit   .     (no cloak)
rCorr  .         Warding  .     (no gloves)
rMut   .         Stasis   +     w - +0 pair of boots
MR     .....                    (no amulet)
Stlth  ..........               p - +4 ring of dexterity
                                i - ring of protection from fire

@: not resistant to hostile enchantments, extremely unstealthy
A: permanent stasis, dig shafts and tunnels, four strong arms, antennae 3
a: Dig, Shaft Self


You were on level 4 of the Dungeon.
You were not hungry.

You visited 1 branch of the dungeon, and saw 4 of its levels.

You collected 150 gold pieces.

Inventory:

Hand Weapons
 a - a +0 war axe (weapon)
Armour
 b - a +0 scale mail (worn)
 c - a +0 shield (worn)
 w - a +0 pair of boots (worn)
Jewellery
 i - a ring of protection from fire (left hand)
 p - a +4 ring of dexterity (right hand)
 A - an uncursed ring of ice
 C - an uncursed ring of wizardry
Wands
 o - a wand of magic darts (21)
 B - a wand of cold (7)
Scrolls
 h - a scroll of enchant weapon {unknown}
 j - 2 scrolls of magic mapping {unknown}
 k - a scroll of recharging {unknown}
 n - a scroll of teleportation {unknown}
 s - 2 scrolls of enchant armour {unknown}
 u - a scroll of random uselessness {unknown}
 y - 2 scrolls of identify {unknown}
 E - a scroll of remove curse {unknown}
 F - a scroll of fog {unknown}
Potions
 d - 4 potions of might
 f - 3 potions of resistance {unknown}
 l - 2 potions of invisibility {unknown}
 m - a potion of degeneration {unknown}
 q - a potion of curing {unknown}
 r - a potion of mutation {unknown}
 v - a potion of heal wounds {unknown}
 z - a potion of beneficial mutation {unknown}
 D - a potion of flight {unknown}
Comestibles
 e - 2 bread rations
 g - 4 fruits
 t - a meat ration


   Skills:
 + Level 4.2 Fighting
 + Level 2.9 Axes
 + Level 4.2 Armour
 + Level 2.0 Dodging
 + Level 4.7 Shields


You had 5 spell levels left.
You didn't know any spells.

Dungeon Overview and Level Annotations

Branches:
Dungeon (4/15)
 Temple: D:4-7

Altars:
Yredelemnul


Innate Abilities, Weirdness & Mutations

You are under a permanent stasis effect.
You can dig through walls and to a lower floor.
Your four strong arms can wield two-handed weapons with a shield.
You have a pair of large antennae on your head (SInv).


Message History

You hit the orc priest.
The orc priest is heavily wounded.
The orc priest calls upon Beogh to heal the orc priest.
The orc priest is healed somewhat.
The orc priest hits you but does no damage.
You hit the orc priest.
The orc priest is moderately wounded.
The orc priest calls down the wrath of Beogh upon you.
Pain shoots through your body!
* * * LOW HITPOINT WARNING * * *
The orc priest looks braver for a moment.
You block the orc priest's attack.
An orc wizard comes into view. It is wielding a dagger.
You see here a buckler.
Are you sure you want to shaft yourself?
You feel quite a bit more hungry.
You begin to dig a shaft.
You continue digging a shaft.
The orc priest invokes the aid of Beogh against you.
Something smites you!
You die...

#o##### ###
####..... ... #..
o...##o###
#.###.........
#.#.#.$.......
#####.#.##....{.#
#....{.o.o{.#
#.###o#####.#
##.[.@.#.#
.............###
###............#.
...
#.........##.#.##.#
#.........##....#.#
#..........#....#.#
##########.#
...#.## #.# #....#
#######'####.#..#


You could see an orc priest.

Vanquished Creatures
  A scorpion (D:4)
  An orc wizard (D:3)
  3 gnolls (D:3)
  3 adders
  An ooze (D:4)
  2 worms (D:2)
  An adder skeleton (D:4)
  2 giant geckos
  9 orcs
  5 hobgoblins
  4 jackals (D:2)
  3 kobolds (D:1)
  5 bats
  4 giant cockroaches
  A giant cockroach zombie (D:3)
  2 giant newts
  4 goblins
  A jackal skeleton (D:4)
  9 rats
61 creatures vanquished.

Notes
Turn   | Place    | Note
--------------------------------------------------------------
     0 | D:1      | Proton the Formicid Fighter began the quest for the Orb.
     0 | D:1      | Reached XP level 1. HP: 18/18 MP: 1/1
    82 | D:1      | Reached XP level 2. HP: 9/24 MP: 2/2
   683 | D:1      | Reached skill level 1 in Dodging
   889 | D:2      | Reached XP level 3. HP: 28/30 MP: 3/3
  1021 | D:2      | Reached skill level 4 in Shields
  1081 | D:2      | Reached XP level 4. HP: 32/37 MP: 4/4
  1462 | D:3      | Reached XP level 5. HP: 35/42 MP: 5/5
  1497 | D:3      | Found a basalt altar of Yredelemnul.
  2317 | D:4      | Reached XP level 6. HP: 21/48 MP: 6/6
  2565 | D:4      | Killed from afar by an orc priest

Vault maps used:
D:1:      erik_arrival_triangle_large
D:3:      yredelemnul_altar_generic, first_bread, grunt_ministairs_10
D:4:      nicolae_ossuary_entry_giza, uniq_grinder

Action                   |  1- 3 |  4- 6 || total
-------------------------+-------+-------++-------
Melee: War axe           |   117 |   115 ||   232
 Abil: Shaft Self        |       |     1 ||     1
  Eat: Meat ration       |       |     1 ||     1
       Pizza             |       |     1 ||     1
